Map: Eternal Empire LE

Players

RyuKey

  • Race: Terran Terran
  • League: Diamond
  • Spawn Location: 1:00

VOD

Have the link to the VOD?

Description

Time

  • Played on: June 21, 2020, 3:18 p.m.
  • Length: 5:10
Show
View Real Time Build Order
Export as new Build Order

RyuKey Terran 

Build Orders:  

Get SALT Encoding   

  12  1:41  SCV  
  12  1:46  Supply Depot  
  12  1:49  Refinery  
  13  1:51  Refinery  
  13  1:58  SCV  
  14  2:15  SCV  
  14  2:17  Supply Depot  
  15  2:32  SCV  
  15  2:36  Barracks  
  15  2:37  Barracks  
  16  2:40  Barracks  
  16  2:49  SCV  
  17  3:06  SCV  
  18  3:23  SCV  
  22  3:52  Bunker  
  22  3:53  Reaper x3  
  22  3:57  Orbital Command  
  22  4:33  SCV  
  22  4:39  Supply Depot  
  26  4:57  Unknown x3  
Tags
 
Add a new tag
Caveats
  • Supply blocks, unpowered buildings, or Contaminate may cause inaccurate times.
  • Supply counts are checked every 10 seconds.